Map: Oxide LE

Players

JonSnow

  • Race: Zerg Zerg
  • League: Grandmaster
  • Spawn Location: 1:00

Scarlett - Winner!

  • Race: Zerg Zerg
  • League: Master
  • Spawn Location: 7:00

Event: DreamHack SC2 Masters 2020 Winter

VOD

Have the link to the VOD?

Description

Time

  • Played on: Nov. 1, 2020, 2:24 p.m.
  • Length: 15:25

All games in this series

Show
View Real Time Build Order
Export as new Build Order

JonSnow Zerg 

Build Orders: Pool First 

Get SALT Encoding   

  12  0:18  Spawning Pool  
  11  0:21  Drone  
  11  0:26  Drone  
  13  0:31  Drone  
  14  0:40  Overlord  
  14  1:04  Zergling x4  
  14  1:05  Zergling x2  
  17  1:16  Zergling x2  
  17  1:17  Hatchery  
  17  1:27  Zergling x2  
  17  1:31  Queen  
  20  1:38  Zergling x2  
  21  1:48  Overlord  
  21  2:01  Drone  
  22  2:10  Queen  
  22  2:13  Drone  
  25  2:28  Drone  
  24  2:34  Drone x2, Queen  
  27  2:43  Drone  
  27  2:44  Drone x3  
  30  2:49  Drone  
  29  2:53  Drone  
  29  2:56  Queen  
  32  3:00  Zergling x2  
  32  3:02  Zergling x2  
  34  3:07  Spine Crawler  
  34  3:12  Zergling x2  
  34  3:16  Overlord  
  34  3:23  Drone  
  34  3:24  Drone  
  34  3:26  Extractor x2  
  34  3:30  Zergling x4  
  36  3:36  Spine Crawler  
  34  3:43  Zergling x2  
  34  3:44  Zergling x6  
  38  3:51  Zergling x6  
  37  3:58  Drone x2  
  38  4:05  Drone  
  34  4:11  Drone  
  34  4:13  Drone  
  36  4:17  Drone  
  37  4:27  Drone x2  
  39  4:33  Metabolic Boost  
  39  4:34  Evolution Chamber  
  38  4:39  Drone  
  39  4:50  Drone x4  
  43  4:55  Overlord  
  43  4:58  Overlord  
  43  5:07  Zerg Ground Armor Level 1  
  43  5:10  Overlord  
  43  5:14  Drone  
  44  5:15  Drone  
  45  5:31  Drone x2  
  45  5:33  Drone x3  
  45  5:35  Zergling x10  
  55  5:40  Zergling x2  
  56  5:44  Zergling x2  
  56  5:47  Roach Warren  
  56  5:49  Drone  
  57  5:54  Zergling x6  
  57  5:55  Zergling x4  
  62  6:01  Drone  
  62  6:02  Lair  
  63  6:05  Drone x2  
  65  6:20  Hatchery  
  63  6:29  Zergling x2  
  63  6:30  Zergling x10  
  61  6:33  Drone x3  
  61  6:35  Drone  
  61  6:38  Drone, Extractor  
  65  6:44  Overlord  
  65  6:51  Overlord  
  65  6:55  Overlord  
  62  7:01  Zerg Missile Weapons Level 1  
  62  7:03  Roach  
  64  7:09  Roach x2  
  64  7:10  Roach x2  
  64  7:11  Roach  
  74  7:18  Roach  
  74  7:19  Roach x2  
  74  7:20  Glial Reconstitution  
  80  7:23  Overseer  
  80  7:27  Roach  
  82  7:39  Roach x3  
  87  7:48  Roach  
  87  7:50  Overlord x2  
  87  7:51  Drone  
  90  7:54  Extractor  
  90  7:58  Overlord  
  89  8:06  Drone, Extractor  
  89  8:07  Drone  
  89  8:08  Extractor  
  89  8:14  Drone x11  
  89  8:17  Drone  
  101  8:28  Roach x5  
  101  8:34  Drone  
  109  8:37  Drone x2  
  109  8:40  Extractor, Overlord x2  
  110  8:43  Drone x2  
  110  8:44  Spine Crawler  
  110  8:46  Roach  
  113  8:49  Overlord x2  
  113  8:51  Overlord  
  113  8:56  Overlord x2  
  113  8:57  Pneumatized Carapace  
  113  8:58  Overlord  
  113  9:03  Roach x3  
  113  9:05  Zerg Missile Weapons Level 2  
  113  9:09  Roach x2  
  124  9:17  Roach x4  
  124  9:24  Roach x4  
  136  9:30  Spire  
  135  9:33  Drone  
  135  9:34  Drone  
  137  9:39  Overlord  
  137  9:43  Overseer  
  137  9:44  Roach x4  
  145  9:51  Overlord  
  145  9:53  Ravager  
  145  9:54  Ravager x4  
  145  9:59  Roach x4  
  158  10:05  Roach x3  
  164  10:11  Zergling x12  
  167  10:26  Drone x2  
  167  10:27  Drone  
  167  10:28  Roach x6  
  175  10:37  Ravager x2  
  175  10:38  Overlord  
  175  10:41  Overlord  
  176  10:52  Overlord  
  176  11:00  Mutalisk x5  
  172  11:05  Mutalisk  
  174  11:13  Zergling x6  
  174  11:14  Zergling x14  
  176  11:26  Roach  
  176  11:27  Roach x5  
  188  11:33  Hatchery  
  188  11:36  Ravager  
  188  11:37  Drone x2  
  190  11:42  Zerg Ground Armor Level 2  
  187  11:56  Roach x7  
  198  12:08  Roach x8  
  194  12:15  Roach  
  166  12:19  Roach  
  166  12:20  Roach  
  161  12:27  Roach x2  
  161  12:29  Drone  
  166  12:30  Drone x3  
  169  12:42  Roach x3  
  175  12:44  Overseer  
  175  12:47  Roach x2  
  175  12:49  Queen  
  175  12:50  Roach x2  
  185  12:54  Roach x3  
  185  12:57  Ravager  
  185  12:58  Overlord  
  192  13:01  Ravager  
  192  13:02  Ravager x3  
  196  13:06  Roach x2  
  194  13:29  Roach x9  
  178  13:36  Roach x10  
  188  13:45  Roach x4  
  188  13:46  Roach  
  194  14:00  Roach  
  194  14:01  Roach x5  
  163  14:04  Roach x3  
  163  14:05  Roach  
  163  14:08  Roach x2  
  151  14:12  Roach  
  151  14:13  Roach  
  151  14:16  Ravager x3  
  155  14:23  Overseer  
  151  14:24  Overseer  
  151  14:27  Roach x4  
  151  14:28  Drone  
  151  14:29  Drone x2  
  158  14:32  Extractor  
  155  14:45  Roach x6  
  154  14:53  Roach x2  
Show
View Real Time Build Order
Export as new Build Order

Scarlett Zerg - Winner!

Build Orders: Hatch First 

Get SALT Encoding   

  12  0:02  Drone  
  13  0:12  Overlord  
  13  0:16  Drone  
  14  0:31  Drone x2  
  16  0:46  Hatchery  
  15  0:51  Drone  
  15  0:54  Drone  
  17  0:57  Drone  
  18  1:08  Extractor  
  17  1:12  Spawning Pool  
  17  1:15  Drone  
  17  1:18  Drone  
  18  1:28  Drone  
  19  1:39  Drone  
  20  1:58  Queen x2  
  20  1:59  Zergling x4  
  20  2:00  Zergling x2  
  27  2:10  Zergling x2  
  27  2:12  Metabolic Boost  
  27  2:24  Zergling x2  
  27  2:26  Zergling x4  
  23  2:31  Zergling x2  
  21  2:37  Zergling x2  
  21  2:42  Zergling x2  
  21  2:52  Overlord  
  21  3:00  Zergling x4  
  23  3:06  Zergling x4  
  23  3:12  Zergling x4  
  27  3:22  Zergling x4  
  29  3:30  Zergling x2  
  29  3:32  Zergling x2  
  31  3:35  Zergling x2  
  31  3:40  Drone  
  33  3:46  Drone  
  33  3:50  Drone  
  31  3:56  Drone  
  31  3:59  Drone  
  33  4:06  Drone  
  30  4:10  Drone  
  30  4:13  Drone  
  31  4:19  Overlord  
  31  4:21  Drone  
  32  4:28  Drone x2  
  32  4:30  Drone  
  36  4:38  Drone x3  
  36  4:43  Drone  
  36  4:44  Drone  
  40  4:50  Overlord  
  40  4:53  Drone x2  
  40  4:56  Drone  
  43  5:08  Drone x6  
  49  5:15  Overlord  
  49  5:16  Drone  
  49  5:17  Drone  
  51  5:27  Hatchery  
  50  5:31  Overlord  
  50  5:34  Overlord  
  50  5:37  Overlord  
  50  5:43  Evolution Chamber, Extractor  
  50  5:45  Queen  
  50  5:47  Drone  
  51  5:55  Drone x4  
  55  5:58  Zergling x6  
  55  6:00  Zergling x2  
  55  6:01  Zergling x2  
  60  6:06  Zergling x2  
  60  6:09  Zerg Ground Armor Level 1  
  61  6:13  Zergling x4  
  63  6:18  Zergling x8  
  67  6:27  Queen  
  64  6:32  Zergling x2  
  64  6:33  Zergling x6  
  67  6:42  Lair  
  67  6:47  Roach Warren  
  64  6:48  Hatchery  
  64  6:53  Zergling x8  
  67  6:54  Overlord  
  67  6:55  Overlord  
  66  7:01  Extractor  
  65  7:09  Overlord x2  
  65  7:10  Drone  
  66  7:22  Drone x2  
  68  7:23  Drone  
  68  7:24  Drone  
  68  7:25  Extractor  
  68  7:27  Drone x2  
  71  7:32  Drone  
  71  7:35  Roach  
  74  7:42  Overseer, Glial Reconstitution  
  74  7:43  Roach x4  
  82  7:51  Overlord  
  82  7:58  Drone x3  
  84  8:04  Drone x2  
  86  8:07  Ravager x4  
  86  8:08  Overlord  
  90  8:15  Drone x4, Overlord  
  94  8:25  Zerg Missile Weapons Level 1  
  94  8:30  Roach x3  
  94  8:31  Overlord  
  94  8:33  Ravager  
  94  8:34  Roach x4  
  108  8:35  Roach x3  
  114  8:50  Drone x6  
  114  8:53  Extractor x2  
  118  9:01  Drone x6  
  124  9:04  Overlord x3  
  124  9:06  Pneumatized Carapace  
  124  9:08  Roach x3  
  130  9:10  Roach  
  129  9:17  Roach x3  
  129  9:24  Ravager x2  
  129  9:26  Roach x2  
  129  9:31  Hatchery  
  134  9:37  Roach x5  
  144  9:50  Roach x6  
  156  9:53  Overlord x2  
  156  10:03  Overlord x2  
  156  10:04  Roach x3  
  162  10:20  Zerg Missile Weapons Level 2  
  159  10:30  Roach x9  
  159  10:32  Roach  
  159  10:33  Roach x3  
  174  10:42  Ravager x4  
  177  10:43  Roach, Ravager  
  177  10:44  Roach  
  177  10:46  Roach  
  177  10:47  Roach  
  177  10:49  Roach  
  189  10:51  Roach  
  181  11:05  Roach x5  
  191  11:11  Roach  
  191  11:13  Overlord  
  191  11:14  Overlord  
  189  11:21  Hydralisk Den  
  189  11:25  Overlord x2  
  184  11:33  Overlord x2  
  184  11:36  Spore Crawler  
  184  11:38  Spore Crawler  
  184  11:39  Drone x3, Spore Crawler  
  184  11:40  Spore Crawler  
  185  11:47  Roach x8  
  185  11:53  Hydralisk  
  199  11:56  Muscular Augments  
  195  12:04  Hydralisk x6  
  182  12:13  Hydralisk x4  
  156  12:17  Ravager  
  156  12:18  Ravager  
  157  12:22  Ravager  
  157  12:23  Roach x5  
  165  12:34  Roach x5  
  175  12:48  Tunneling Claws  
  175  12:49  Burrow  
  175  12:50  Roach x2  
  175  12:51  Roach x3  
  185  13:00  Roach  
  185  13:01  Roach x2  
  185  13:02  Overlord x2  
  192  13:05  Ravager  
  192  13:08  Grooved Spines  
  192  13:22  Roach x4  
  169  13:36  Roach x10  
  175  13:42  Queen x3  
  175  13:44  Drone  
  182  13:50  Roach x3  
  182  13:51  Ravager  
  182  13:52  Ravager  
  181  14:02  Roach x4  
  156  14:06  Ravager  
  155  14:12  Roach x4  
  155  14:13  Roach  
  155  14:16  Roach x5  
  165  14:17  Roach x5  
  165  14:28  Roach  
  165  14:33  Roach x7  
  165  14:38  Roach  
  177  14:42  Hydralisk x2  
  173  14:47  Roach x23  
  167  14:55  Roach x7  
Tags
 
Add a new tag
Caveats
  • Supply blocks, unpowered buildings, or Contaminate may cause inaccurate times.
  • Supply counts are checked every 10 seconds.